AoeStats
← xRoostahh

Black Forest

505094326Analyzed
4v4 RM · 24d ago on Sep 7, 2026· 56m 48s· 8 players
Game mode
Random Map
Map size
Large (8 player)
Population
200
Speed
Normal
Resources
Standard
Victory
Conquest
Starting age
Dark Age
Ending age
Imperial Age
RankedLock teamsTeams togetherTeam positionsShared explorationLock speedFull tech treeHidden civsTurbo modeCheats
Victory
Defeat
🇹🇷 Burgundians · Türkiye
837
+12
🇹🇷 Koreans · Türkiye
837
+12
🇹🇷 Tatars · Türkiye
804
+13
🇹🇷 Romans · Türkiye
750
+16
🇦🇷 Persians · Argentina
757
-14
🇧🇷 Britons · Brazil
755
-14
🇮🇹 Sicilians · Italy
735
-13
🇺🇸 Celts · United States
709
-12
xRoostahh
0:31 Loom
13:55 Feudal Age
17:08 Wheelbarrow
16:21 Double-Bit Axe
22:23 Castle Age
21:11 Horse Collar
21:32 Gold Mining
21:33 Stone Mining
22:50 Forging
22:40 Scale Mail Armor
27:25 Hand Cart
27:23 Bow Saw
30:10 Iron Casting
29:51 Chain Mail Armor
29:00 Pikeman
29:26 Gambesons
29:27 Arson
30:38 Treadmill Crane
31:14 Fortified Wall
35:03 Imperial Age
33:56 Stronghold
35:29 Fortified Wall
35:49 Ballistics
37:14 Caravan
37:45 Coinage
37:29 Guilds
38:13 Conscription
38:32 Hoardings
38:12 Furor Celtica
38:13 Halberdier
39:54 Banking
40:46 Blast Furnace
40:35 Plate Mail Armor
41:54 Chemistry
43:27 Elite Woad Raider
45:53 Heavy Scorpion
Dioxis
7:23 Loom
14:17 Feudal Age
15:06 Horse Collar
15:12 Double-Bit Axe
18:07 Castle Age
22:02 Wheelbarrow
23:01 Heavy Plow
23:13 Bow Saw
24:58 Gold Mining
26:21 Fervor
26:52 Gold Shaft Mining
30:44 Fishing Lines
33:43 Imperial Age
32:05 Hand Cart
33:29 Caravan
35:17 Chemistry
34:44 Kamandaran
34:36 Cavalier
36:26 Scale Barding Armor
35:56 Crossbowman
37:17 Crop Rotation
37:45 Town Watch
38:02 Stone Mining
39:14 Two-Man Saw
38:53 Forging
39:04 Chain Barding Armor
38:28 Savar
40:10 Iron Casting
39:57 Thumb Ring
42:16 Padded Archer Armor
42:07 Fletching
42:54 Plate Barding Armor
43:20 Blast Furnace
42:47 Ballistics
42:46 Gillnets
45:32 Leather Archer Armor
45:13 Bodkin Arrow
46:15 Husbandry
46:25 Bloodlines
46:25 Elite Skirmisher
48:14 Ring Archer Armor
47:08 Light Cavalry
50:31 Citadels
50:41 Conscription
51:31 Scale Mail Armor
51:21 Hussar
psycho93
0:29 Loom
14:50 Feudal Age
16:15 Horse Collar
18:21 Wheelbarrow
18:48 Gold Mining
18:45 Double-Bit Axe
19:20 Stone Mining
26:06 Castle Age
25:00 Forging
24:51 Scale Mail Armor
25:29 Fletching
25:41 Padded Archer Armor
25:48 Scale Barding Armor
27:23 Heavy Plow
29:04 Fervor
29:28 Hand Cart
30:12 Gold Shaft Mining
30:07 Bow Saw
30:29 Caravan
32:17 Stone Shaft Mining
32:30 Town Watch
35:19 Imperial Age
32:57 Pikeman
33:41 Squires
33:27 Gambesons
33:27 Arson
34:35 Crossbowman
36:23 Iron Casting
36:04 Chain Mail Armor
37:00 Crop Rotation
36:58 Conscription
39:40 Chemistry
39:01 Ballistics
38:30 Arrowslits
39:10 Bodkin Arrow
39:30 Leather Archer Armor
39:29 Elite Serjeant
40:58 Arbalester
42:45 Hoardings
43:16 Blast Furnace
42:46 Plate Mail Armor
41:49 Halberdier
42:36 Murder Holes
43:36 Onager
44:24 Bracer
44:45 Capped Ram
45:29 Man-at-Arms
46:21 Siege Engineers
46:27 Masonry
47:00 Siege Ram
50:38 Siege Onager
Midoriko
0:33 Loom
20:02 Feudal Age
29:34 Castle Age
29:33 Stone Mining
29:35 Gold Mining
29:32 Double-Bit Axe
31:11 Husbandry
33:15 Crossbowman
37:33 Wheelbarrow
37:50 Murder Holes
38:07 Fortified Wall
38:19 Ballistics
38:44 Pikeman
39:25 Squires
43:55 Imperial Age
41:47 Scale Mail Armor
43:25 Hand Cart
42:57 Town Watch
44:32 Bow Saw
46:35 Chain Mail Armor
46:21 Padded Archer Armor
46:12 Fletching
48:51 Leather Archer Armor
50:37 Forging
54:09 Halberdier
56:48 Town Patrol
***ZARBO***
0:27 Loom
13:27 Feudal Age
14:06 Double-Bit Axe
15:13 Horse Collar
15:35 Fishing Lines
16:58 Wheelbarrow
16:08 Town Watch
19:59 Gold Mining
20:00 Stone Mining
24:19 Castle Age
25:36 Forging
25:26 Scale Mail Armor
25:31 Scale Barding Armor
25:16 Fletching
25:27 Padded Archer Armor
25:40 Bow Saw
25:32 Heavy Plow
26:11 Gold Shaft Mining
25:41 Caravan
25:41 Gillnets
28:05 Town Patrol
28:21 Hand Cart
28:50 Coinage
29:56 Iron Casting
29:36 Chain Mail Armor
29:41 Chain Barding Armor
31:27 Husbandry
31:37 Bloodlines
30:48 Light Cavalry
32:25 Bodkin Arrow
32:45 Leather Archer Armor
38:10 Ballistics
43:14 Imperial Age
41:33 Ballistas
44:28 Crop Rotation
45:03 Blast Furnace
44:38 Plate Barding Armor
44:38 Banking
44:33 Guilds
45:00 Plate Barding Armor
44:56 Ring Archer Armor
45:29 Chemistry
44:35 Siege Engineers
43:57 Elite Centurion
44:01 Heavy Scorpion
44:19 Cavalier
45:59 Comitatenses
46:04 Conscription
46:27 Capped Ram
careems.ea
0:28 Loom
8:47 Fishing Lines
11:07 Double-Bit Axe
14:02 Wheelbarrow
13:19 Horse Collar
17:10 Feudal Age
16:17 Gold Mining
16:20 Stone Mining
17:57 Gillnets
18:31 Bow Saw
18:23 Heavy Plow
20:24 Gold Shaft Mining
23:26 Stone Shaft Mining
24:51 Hand Cart
27:07 Castle Age
25:13 Town Watch
26:10 Caravan
28:34 Hand Cart
28:20 Town Patrol
28:19 Cavalier
29:01 Husbandry
29:43 Crop Rotation
31:23 Two-Man Saw
31:01 Treadmill Crane
32:16 Forging
32:12 Scale Barding Armor
32:16 Murder Holes
32:42 Ballistics
35:49 Imperial Age
34:39 Burgundian Vineyards
35:32 Chain Barding Armor
35:47 Iron Casting
38:04 Chemistry
38:04 Conscription
38:13 Paladin
42:19 Plate Barding Armor
42:45 Blast Furnace
41:26 Elite Coustillier
42:34 Guilds
43:56 Coinage
44:32 Fletching
44:43 Padded Archer Armor
44:43 Scale Mail Armor
46:43 Banking
cekicphysics
1:39 Loom
14:48 Feudal Age
16:18 Fishing Lines
16:26 Double-Bit Axe
16:24 Horse Collar
16:28 Man-at-Arms
21:30 Castle Age
22:46 Wheelbarrow
22:09 Gold Mining
22:32 Caravan
22:39 Stone Mining
24:25 Bow Saw
25:06 Gillnets
27:01 Gold Shaft Mining
30:59 Hand Cart
32:19 Stone Shaft Mining
31:48 Heavy Plow
32:35 Sanctity
32:09 Fletching
32:44 Forging
35:16 Imperial Age
33:22 Scale Barding Armor
33:18 Scale Mail Armor
33:40 Ballistics
33:16 Murder Holes
33:02 Treadmill Crane
33:04 Pikeman
38:29 Bodkin Arrow
39:12 Iron Casting
38:53 Chain Mail Armor
38:01 Elite War Wagon
40:25 Chemistry
39:16 Heated Shot
39:36 Fortified Wall
39:11 Elite Fire Lancer
40:38 Chain Barding Armor
40:19 Bracer
41:12 Guilds
41:32 Coinage
41:35 Plate Mail Armor
41:28 Eupseong
41:48 Conscription
42:24 Fervor
42:17 Halberdier
42:57 Squires
43:16 Masonry
43:12 Siege Engineers
44:04 Shinkichon
48:16 Banking
48:37 Architecture
ScorpioN
0:38 Loom
12:45 Feudal Age
14:26 Wheelbarrow
14:05 Double-Bit Axe
15:20 Horse Collar
16:25 Town Watch
17:52 Padded Archer Armor
22:11 Castle Age
23:17 Bow Saw
23:25 Hand Cart
23:11 Gold Mining
23:14 Stone Mining
24:53 Caravan
25:58 Heavy Plow
32:37 Town Patrol
33:20 Gold Shaft Mining
41:43 Imperial Age
41:38 Silk Armor
42:36 Elite Keshik
43:30 Timurid Siegecraft
42:51 Heavy Cavalry Archer
48:25 Scale Barding Armor
48:36 Leather Archer Armor
48:13 Fletching
48:24 Scale Mail Armor
Connection lost

Rejoining the realm…

Still unreachable

The connection could not be restored.

Session expired

The server has moved on; the page needs a fresh start.